Map: Ice and Chrome LE

Players

Denver

  • Race: Zerg Zerg
  • Spawn Location: 7:00

soO - Winner!

  • Race: Zerg Zerg
  • Spawn Location: 1:00

Event: StayAtHomestory Cup #2

VOD

Have the link to the VOD?

Description

Time

  • Played on: June 11, 2020, 7:36 a.m.
  • Length: 15:17

All games in this series

Show
View Real Time Build Order
Export as new Build Order

Denver Zerg 

Build Orders: Hatch First, Zergling Baneling 

Get SALT Encoding   

  12  0:00  Drone  
  13  0:12  Overlord  
  13  0:17  Drone  
  14  0:31  Drone x2  
  16  0:49  Hatchery  
  15  0:51  Drone  
  15  0:55  Drone  
  17  0:58  Drone  
  18  1:09  Extractor  
  17  1:13  Spawning Pool  
  17  1:16  Drone  
  17  1:20  Drone  
  18  1:28  Drone  
  20  1:40  Drone  
  20  1:50  Drone  
  21  2:00  Queen, Overlord  
  23  2:01  Queen  
  23  2:02  Zergling x2  
  26  2:09  Metabolic Boost  
  26  2:12  Drone x2  
  28  2:22  Drone  
  29  2:23  Zergling x2  
  30  2:35  Hatchery  
  30  2:37  Drone  
  30  2:39  Drone  
  31  2:46  Drone x2  
  31  2:50  Baneling Nest  
  31  2:55  Overlord  
  31  2:58  Drone  
  33  3:05  Zergling x4  
  33  3:11  Zergling x4  
  36  3:14  Zergling x2  
  36  3:15  Zergling x4  
  36  3:16  Zergling x2  
  40  3:20  Overlord  
  40  3:23  Zergling x2  
  41  3:29  Queen  
  43  3:34  Baneling  
  43  3:35  Baneling  
  43  3:37  Zergling x2  
  43  3:39  Overlord  
  44  3:44  Baneling  
  44  3:48  Drone x4  
  48  3:50  Baneling x2  
  48  3:52  Drone  
  48  3:55  Drone x2  
  44  4:10  Drone x6  
  44  4:13  Zergling x4  
  44  4:14  Zergling x2  
  50  4:19  Zergling x6  
  50  4:20  Zergling x2  
  54  4:26  Extractor  
  54  4:27  Zergling x6  
  56  4:33  Zergling x2  
  56  4:37  Baneling  
  56  4:38  Baneling x2  
  56  4:39  Zergling x4  
  56  4:41  Evolution Chamber  
  56  4:42  Zergling x2  
  56  4:44  Queen  
  59  4:49  Zergling x10  
  59  4:55  Zergling x2  
  59  4:56  Zergling x4  
  57  5:02  Zergling x4  
  59  5:12  Zergling x2  
  57  5:17  Zergling x8  
  57  5:21  Baneling x2  
  60  5:24  Baneling x2  
  60  5:26  Zergling x6  
  60  5:27  Baneling x4  
  63  5:32  Zergling x6  
  64  5:37  Zergling x4  
  64  5:40  Zerg Melee Weapons Level 1  
  63  5:44  Zergling x6  
  63  5:48  Overlord  
  63  5:53  Zergling x6  
  64  6:01  Zergling x8  
  63  6:04  Lair  
  63  6:09  Zergling x2  
  63  6:10  Zergling x8  
  64  6:11  Baneling  
  62  6:18  Zergling x2  
  62  6:19  Zergling x8  
  62  6:24  Zergling x2  
  62  6:25  Zergling x2, Baneling  
  65  6:26  Baneling x3  
  65  6:27  Baneling  
  65  6:28  Baneling  
  65  6:30  Baneling  
  65  6:32  Drone x2  
  66  6:37  Zergling x6  
  69  6:43  Drone  
  69  6:44  Drone x2  
  69  6:45  Drone  
  73  6:52  Roach Warren  
  70  7:00  Drone x5  
  69  7:03  Extractor, Overlord  
  68  7:11  Overlord  
  68  7:16  Spire  
  68  7:17  Drone x2  
  68  7:18  Extractor  
  67  7:24  Drone x4  
  67  7:25  Drone  
  71  7:30  Drone x4  
  71  7:33  Drone x2  
  76  7:45  Overlord  
  76  7:49  Zergling x16  
  76  7:50  Zergling x2  
  85  7:53  Drone x2  
  85  7:56  Extractor x2  
  83  8:03  Zergling x10  
  82  8:09  Zergling x14  
  78  8:22  Zergling x6  
  78  8:25  Roach  
  82  8:30  Mutalisk x2  
  82  8:32  Mutalisk x3  
  88  8:36  Mutalisk  
  88  8:41  Zergling x2  
  88  8:43  Drone x7  
  95  8:49  Mutalisk  
  95  8:54  Overlord x2  
  91  9:04  Mutalisk x2  
  91  9:09  Mutalisk x2  
  95  9:15  Drone x9  
  94  9:19  Zerg Flyer Weapons Level 1  
  94  9:20  Mutalisk  
  83  9:32  Mutalisk  
  83  9:33  Zergling x6  
  85  9:38  Drone  
  85  9:39  Drone  
  85  9:45  Drone  
  85  9:46  Drone  
  85  9:48  Drone x3  
  85  9:49  Drone  
  91  9:56  Drone x2  
  91  10:04  Drone x3  
  94  10:08  Zerg Melee Weapons Level 2, Centrifical Hooks  
  94  10:09  Queen  
  96  10:21  Zergling x16  
  93  10:22  Zergling x2  
  93  10:26  Drone x2  
  103  10:36  Hatchery  
  103  10:37  Overlord  
  103  10:38  Zergling x4  
  103  10:39  Zergling x2  
  105  10:42  Mutalisk  
  107  10:51  Overlord  
  107  10:52  Mutalisk x3  
  113  10:58  Mutalisk x2  
  117  11:05  Overlord x2  
  117  11:07  Baneling x8  
  117  11:08  Baneling  
  117  11:19  Overlord  
  114  11:29  Mutalisk x6  
  112  11:35  Zergling x16  
  113  11:41  Zerg Flyer Weapons Level 2  
  113  11:43  Drone  
  113  11:44  Drone  
  114  11:47  Drone x3  
  114  11:52  Drone x3  
  114  11:53  Drone  
  121  11:54  Drone  
  116  12:11  Mutalisk x3  
  116  12:13  Drone x7  
  127  12:19  Extractor  
  127  12:22  Queen  
  128  12:25  Overseer  
  128  12:26  Baneling x5  
  128  12:31  Zergling x2  
  128  12:32  Zergling x12  
  128  12:34  Baneling x4  
  128  12:35  Baneling x2  
  135  12:38  Drone x3  
  135  12:44  Mutalisk x2  
  138  12:47  Baneling x2  
  142  12:55  Baneling x7  
  142  12:56  Zergling x16  
  148  13:02  Queen  
  148  13:05  Zergling x4  
  152  13:06  Overlord  
  152  13:07  Baneling, Overlord  
  152  13:08  Baneling  
  152  13:11  Overlord  
  150  13:13  Overlord  
  147  13:24  Mutalisk x4  
  147  13:26  Zergling x8  
  150  13:28  Baneling x3  
  150  13:30  Overseer  
  150  13:33  Zergling x6  
  153  13:40  Zergling x2  
  153  13:41  Zergling x12  
  152  13:47  Zergling x6  
  145  13:55  Mutalisk  
  145  13:56  Mutalisk x2  
  145  13:58  Zergling x2  
  145  14:02  Baneling x11  
  142  14:03  Baneling x4  
  142  14:09  Zergling x14  
  136  14:10  Zergling x2  
  125  14:18  Mutalisk  
  125  14:19  Mutalisk  
  116  14:29  Zergling x8  
  95  14:45  Mutalisk x4  
  91  14:50  Zergling x6  
Show
View Real Time Build Order
Export as new Build Order

soO Zerg - Winner!

Build Orders: Hatch First, Zergling Baneling 

Get SALT Encoding   

  12  0:00  Drone  
  13  0:12  Overlord  
  13  0:17  Drone  
  14  0:31  Drone x2  
  16  0:47  Hatchery  
  15  0:51  Drone  
  15  0:55  Drone  
  17  0:58  Drone  
  18  1:09  Extractor  
  17  1:14  Spawning Pool  
  17  1:16  Drone  
  17  1:19  Drone  
  18  1:28  Drone  
  20  1:40  Drone  
  20  1:49  Overlord  
  20  2:00  Queen x2  
  25  2:01  Drone  
  25  2:02  Zergling x2  
  26  2:11  Metabolic Boost, Drone x2  
  28  2:23  Drone x2  
  30  2:33  Hatchery  
  29  2:38  Drone x2  
  31  2:45  Queen  
  31  2:49  Overlord  
  33  2:56  Baneling Nest  
  33  2:57  Drone  
  33  2:59  Drone  
  33  3:01  Drone  
  35  3:08  Drone  
  35  3:11  Drone x2  
  38  3:14  Zergling x6  
  38  3:16  Zergling x2  
  42  3:21  Zergling x4  
  42  3:26  Overlord  
  44  3:41  Baneling x2  
  44  3:44  Queen  
  46  3:49  Zergling x4  
  46  3:52  Overlord  
  46  3:54  Drone  
  46  3:55  Drone x5  
  53  4:06  Zergling x10  
  57  4:10  Queen  
  57  4:11  Zergling x4  
  57  4:13  Baneling x2  
  59  4:17  Baneling x2  
  59  4:23  Evolution Chamber  
  58  4:26  Baneling  
  58  4:27  Baneling  
  59  4:31  Drone x6  
  64  4:45  Drone  
  65  4:48  Drone  
  62  5:02  Drone  
  62  5:03  Drone x3, Zerg Missile Weapons Level 1  
  62  5:04  Extractor  
  62  5:05  Extractor  
  62  5:06  Drone x2  
  66  5:09  Roach Warren  
  66  5:10  Zergling x6  
  65  5:16  Zergling x8  
  65  5:18  Zergling x2  
  65  5:22  Overlord  
  65  5:26  Overlord  
  65  5:29  Baneling x2  
  65  5:31  Overlord  
  65  5:33  Overlord  
  64  5:36  Zergling x4  
  64  5:39  Overlord  
  64  5:41  Drone x2  
  64  5:45  Zergling x2  
  64  5:46  Zergling x4  
  64  5:47  Zergling x4  
  64  5:48  Zergling x2  
  68  5:51  Zergling x4  
  68  5:56  Zergling x2  
  70  6:03  Zergling x2  
  67  6:06  Roach x2  
  67  6:09  Baneling x3  
  67  6:16  Roach x2  
  67  6:17  Roach  
  71  6:26  Roach x2  
  71  6:28  Roach  
  71  6:30  Baneling x2  
  77  6:36  Roach x2  
  81  6:47  Roach  
  81  6:48  Overlord  
  81  6:49  Overlord  
  81  6:50  Roach x2  
  85  6:57  Roach x3  
  90  7:02  Overlord  
  90  7:04  Lair  
  90  7:11  Drone x3  
  90  7:13  Queen  
  90  7:14  Queen  
  97  7:20  Drone x2  
  97  7:21  Baneling x2  
  98  7:23  Drone x2  
  98  7:24  Drone x2  
  98  7:29  Drone x2  
  103  7:34  Drone x2  
  103  7:36  Drone  
  103  7:37  Drone  
  107  7:39  Extractor  
  107  7:40  Extractor  
  107  7:43  Overlord  
  107  7:44  Roach x2  
  105  7:46  Drone x4  
  105  7:47  Drone  
  105  7:50  Drone  
  111  7:53  Roach x2  
  111  7:54  Extractor, Roach  
  111  7:57  Overlord  
  116  8:01  Ravager  
  116  8:02  Ravager  
  116  8:03  Hatchery  
  116  8:05  Roach x3  
  120  8:06  Queen  
  120  8:11  Infestation Pit  
  119  8:12  Roach x2  
  119  8:13  Roach, Zerg Missile Weapons Level 2, Glial Reconstitution  
  118  8:20  Roach  
  118  8:21  Roach  
  118  8:24  Overlord  
  122  8:28  Drone  
  122  8:29  Drone x2  
  122  8:32  Roach x3  
  122  8:33  Roach x2  
  124  8:44  Roach x4  
  124  8:45  Roach x2  
  124  8:46  Drone  
  137  8:51  Overlord  
  137  9:01  Overlord  
  137  9:03  Hydralisk Den  
  137  9:08  Drone x2  
  137  9:09  Drone x2  
  132  9:13  Drone  
  132  9:14  Queen x3  
  126  9:30  Overlord  
  120  9:33  Grooved Spines  
  116  9:39  Hydralisk x4  
  116  9:40  Hydralisk x6  
  130  9:47  Hydralisk  
  130  9:48  Hydralisk  
  128  9:53  Overlord  
  120  10:02  Spore Crawler  
  120  10:04  Spore Crawler  
  120  10:06  Spore Crawler  
  117  10:07  Hydralisk  
  117  10:08  Hydralisk x4  
  117  10:09  Spore Crawler  
  117  10:12  Drone x3  
  117  10:27  Roach x7  
  131  10:29  Overlord  
  131  10:32  Overlord, Spore Crawler  
  131  10:33  Spore Crawler  
  129  10:37  Overlord  
  129  10:38  Overlord  
  129  10:43  Drone  
  129  10:44  Muscular Augments  
  129  10:48  Roach x7  
  144  10:58  Roach x6  
  156  11:07  Hive  
  156  11:08  Roach x2  
  156  11:09  Roach  
  156  11:10  Drone x2  
  164  11:12  Extractor  
  164  11:13  Extractor  
  158  11:26  Roach x10  
  144  11:36  Hydralisk x2  
  144  11:37  Hydralisk  
  144  11:39  Drone x2  
  136  11:42  Hydralisk  
  136  11:46  Drone  
  135  11:49  Spore Crawler  
  135  11:51  Hydralisk x3  
  140  11:54  Drone x2  
  138  12:16  Hydralisk  
  138  12:17  Hydralisk x5  
  138  12:21  Viper  
  153  12:23  Queen, Drone  
  153  12:27  Spore Crawler x2  
  154  12:30  Viper  
  154  12:33  Overlord  
  157  12:38  Drone  
  157  12:44  Zerg Ground Armor Level 1, Hydralisk x3  
  158  12:45  Hydralisk  
  158  12:46  Overlord  
  158  12:50  Overlord  
  166  12:53  Drone x5  
  163  13:08  Roach x6  
  163  13:09  Roach  
  173  13:23  Hydralisk x11  
  186  13:37  Hydralisk x4  
  168  13:56  Viper  
  168  13:58  Hydralisk  
  168  13:59  Hydralisk x2  
  177  14:06  Hydralisk x2  
  175  14:13  Hydralisk x2  
  149  14:30  Hydralisk x4  
  127  14:32  Drone x5  
  127  14:34  Queen x2  
  127  14:36  Hydralisk x2  
  124  14:47  Hydralisk x2  
  124  14:48  Hydralisk x2  
  124  14:50  Drone  
  124  14:51  Drone  
  124  14:52  Drone  
Tags
 
Add a new tag
Caveats
  • Supply blocks, unpowered buildings, or Contaminate may cause inaccurate times.
  • Supply counts are checked every 10 seconds.